 Dungeon Crawl Stone Soup version 0.15.0-11-g6f4f891 (webtiles) character file.

287221 HungrySpirit the Skullcrusher (level 19, -1/185 HPs)
             Began as a Minotaur Gladiator on Aug 31, 2014.
             Was the Champion of Okawaru.
             Splashed by a tengu reaver's acid (8 damage)
             ... on Level 4 of the Vaults.
             The game lasted 02:50:06 (49055 turns).

HungrySpirit the Skullcrusher (Minotaur Gladiator) Turns: 49055, Time: 02:50:09

HP  -1/185       AC 31     Str 28      XL: 19   Next: 85%
MP  25/25        EV  7     Int 11      God: Okawaru [******]
Gold 2043        SH  0     Dex 13      Spells:  0 memorised, 18 levels left

rFire  + . .     SeeInvis .     y - +4 great mace "Hipionuff" {freeze, rPois MR++ Int-1}
rCold  + . .     Clarity  +     s - +2 crystal plate armour
rNeg   + . .     rCorr    .     (no shield)
rPois  +         rRot     .     S - +0 hat {Int+3}
rElec  .         Spirit   .     Y - +0 cloak "Oditaw" {rN+ MR+}
SustAb .         Warding  .     R - +3 pair of gauntlets of War {Slay+5}
rMut   .         Stasis   .     l - +0 pair of boots {Fly}
Gourm  .                        j - amulet of clarity
MR     +++++                    D - ring of protection from cold
                                E - cursed ring "Traoba" {rF+ MR++ Dex+2 Int+4}

@: corroded equipment, very slightly contaminated, hasted, invisible, very
quick, almost entirely resistant to hostile enchantments, extremely unstealthy
A: retaliatory headbutt, horns 2
a: Heroism, Finesse, Renounce Religion, Evoke Flight
}: 2/15 runes: decaying, gossamer


You were on level 4 of the Vaults.
You worshipped Okawaru.
Okawaru was exalted by your worship.
You were hungry.

You visited 7 branches of the dungeon, and saw 40 of its levels.
You also visited: Ice Cave.

You collected 4175 gold pieces.
You spent 2132 gold pieces at shops.

Inventory:

Hand weapons
 a - a +1 great mace of flaming
 y - the +4 great mace "Hipionuff" (weapon) {freeze, rPois MR++ Int-1}
   (Okawaru gifted it to you on level 8 of the Lair of Beasts)

   It has been specially enchanted to freeze those struck by it, causing extra
   injury to most foes and up to double damage against particularly susceptible
   opponents.
   It can also slow down cold-blooded creatures.
   It affects your intelligence (-1).
   It protects you from poison.
   It affects your resistance to hostile enchantments.
Missiles
 V - 2 tomahawks of dispersal (quivered)
Armour
 l - a +0 pair of boots of flying (worn)
 s - a +2 crystal plate armour (worn)
 R - the +3 pair of gauntlets of War (worn) {Slay+5}
   (You bought it in a shop on level 4 of the Orcish Mines)

   It affects your accuracy and damage with ranged weapons and melee attacks
   (+5).
 S - a +0 hat of intelligence (worn)
 Y - the +0 cloak "Oditaw" (worn) {rN+ MR+}
   (Okawaru gifted it to you on level 2 of the Spider Nest)

   It protects you from negative energy.
   It affects your resistance to hostile enchantments.
Magical devices
 e - a wand of teleportation (8)
 g - a wand of draining (3) {unknown}
 C - a wand of disintegration (11)
 J - a wand of invisibility (3)
 M - a wand of digging (6)
Comestibles
 f - 16 bread rations
 k - 5 slices of pizza
 t - 2 royal jellies
 u - 4 meat rations
Scrolls
 c - 3 scrolls of recharging
 d - a scroll of silence
 h - a scroll of immolation
 n - 21 scrolls of remove curse
 p - 8 scrolls of enchant armour
 q - 20 scrolls of identify
 r - 5 scrolls of teleportation
 v - 8 scrolls of enchant weapon
 z - a scroll of brand weapon
 N - a scroll of fog
 O - a scroll of magic mapping
 X - 2 scrolls of holy word
Jewellery
 j - an amulet of clarity (around neck)
 m - an uncursed amulet of resist mutation
 D - a ring of protection from cold (right hand)
 E - the cursed ring "Traoba" (left hand) {rF+ MR++ Dex+2 Int+4}
   (You took it off a crimson imp on level 7 of the Dungeon)

   [ring of intelligence]

   It affects your intelligence (+4).
   It affects your dexterity (+2).
   It protects you from fire.
   It affects your resistance to hostile enchantments.
   It has a curse placed upon it.
 G - an uncursed ring of poison resistance
 H - a +2 ring of slaying
 L - a +3 ring of slaying
 U - an uncursed ring of see invisible
Potions
 b - 2 potions of flight
 i - 3 potions of restore abilities
 o - 3 potions of magic
 A - 15 potions of curing
 B - a potion of lignification
 F - a potion of might
 K - a potion of cure mutation
 P - a potion of haste
 Q - 3 potions of berserk rage
 T - 3 potions of agility
Books
 w - a book of Envenomations

   Spells                             Type                      Level
   Spider Form                        Transmutation/Poison         3
   Alistair's Intoxication            Transmutation/Poison         4
   Olgreb's Toxic Radiance            Poison                       4
   Poisonous Cloud                    Conjuration/Poison/Air       6


   Skills:
 + Level 20.2 Fighting
 O Level 27 Maces & Flails
 - Level 2.0 Throwing
 + Level 19.3 Armour
 - Level 3.2 Dodging
 - Level 8.2 Invocations


You had 18 spell levels left.
You didn't know any spells.

Dungeon Overview and Level Annotations

Branches:
Dungeon (13/15)            Temple (1/1) D:4             Orc (4/4) D:12
    Elf (0/3) Orc:3          Lair (8/8) D:9           Swamp (5/5) Lair:6
 Spider (5/5) Lair:3        Slime (0/6) Lair:8       Vaults (4/5) D:13
  Crypt (0/3) Vaults:3

Altars:
Ashenzari
Cheibriados
Dithmenos
Elyvilon
Fedhas
Kikubaaqudgha
Makhleb
Nemelex Xobeh
Okawaru
Qazlal
Sif Muna
Trog
Vehumet
Xom
Yredelemnul
Zin
The Shining One
Beogh
Jiyva

Shops:
D:8 (   D:10 [   Orc:4 ([?=   Vaults:1 *   Vaults:4 [

Portals:
Trove: D:12 (give 15 scrolls of teleportation)

Annotations:
D:10 1 exclusion
D:12 exclusion: ice statue
Lair:3 exclusion: ice statue


Innate Abilities, Weirdness & Mutations

You reflexively headbutt those who attack you in melee.
You have a pair of horns on your head.


Message History

The blast of poison hits you! You resist.
You barely miss the tengu reaver. Your headbutt misses the tengu reaver.
The tengu reaver is severely wounded.
You miss the tengu reaver. Your headbutt misses the tengu reaver.
The tengu reaver is severely wounded.
The tengu reaver barely misses you. You furiously retaliate!
You headbutt the tengu reaver, but do no damage.
The tengu reaver pecks you but does no damage.
The tengu reaver closely misses you.
You miss the tengu reaver.
The tengu reaver is severely wounded.
You sock the tengu reaver! You freeze the tengu reaver.
The tengu reaver is severely wounded.
You sock the tengu reaver! You freeze the tengu reaver.
The tengu reaver is almost dead.
The tengu reaver casts a spell at you. The bolt of acid hits you!
* * * LOW HITPOINT WARNING * * *
The acid burns!
You die...

#.###.....##...##
..(##.....##...##
....'.....#.....#
...##.....##...###############
....#.....##...##............#
..(##.....'.*...#............#
#.###.....##...##...§..).....#
### #.....##...##..§§§.......#
#####.....#....Q@§§§§§§......#
..........##...##..§§§.......#
..........##...##...§........#
..........#.....##############
...)......##...##
..))(.....##...##
###)#######.....# ........#
####C#### .8......# #.......#


You could see a tengu reaver.

Vanquished Creatures
  the Lernaean hydra (Swamp:5)
  Nikola (Swamp:3)
  Rupert (Lair:4)
  Agnes (Vaults:1)
  A shadow dragon (Vaults:3)
  4 thorn hunters
  Roxanne (Spider:1)
  2 fire giants
  4 ghost moths
  Wiglaf (Vaults:3)
  9 vault wardens
  A deep elf sorcerer (Vaults:1)
  An orc warlord (Vaults:2)
  Aizul (Swamp:3)
  2 frost giants
  4 emperor scorpions
  5 stone giants
  A deep elf demonologist (Vaults:1)
  2 very ugly things (Vaults:1)
  A deep elf annihilator (Vaults:1)
  2 deep elf death magi
  The ghost of JackTrades the Basher, a powerful GrGl of Cheibriados (Spider:1)
  2 ettins
  4 vault guards (Vaults:2)
  2 fire dragons
  3 rakshasas
  8 ironheart preservers
  Fannar (Lair:4)
  3 yaktaur captains
  A great orb of eyes (Lair:8)
  2 small abominations
  3 ice dragons
  8 ogre magi
  4 shambling mangroves
  21 hydras
  8 alligators
  Erica (Lair:4)
  2 centaur warriors
  2 deep troll earth magi
  2 deep troll shamans
  7 death yaks
  A catoblepas (Lair:7)
  An orc high priest (Orc:3)
  An iron troll (Orc:4)
  A shadow wraith (Vaults:4)
  6 skeletal warriors
  9 deep trolls
  11 swamp dragons
  4 deep elf knights
  16 orb spiders
  14 hill giants
  2 giant orange brains
  An unseen horror (D:12)
  6 ironbrand convokers
  A wizard (Vaults:3)
  2 deep elf conjurers
  5 harpies (Vaults:2)
  6 cyclopes
  7 necromancers
  6 griffons
  2 orc sorcerers (Vaults:1)
  A red wasp (shapeshifter) (Vaults:1)
  7 orc knights
  12 ugly things
  9 red wasps
  29 wolf spiders
  7 elephants
  3 manticores
  A moth of wrath (Spider:5)
  A frost giant skeleton (Vaults:2)
  A fire giant skeleton (Vaults:3)
  A stone giant skeleton (Vaults:3)
  2 feature mimics
  10 vault sentinels
  5 black mambas
  3 gargoyles
  A torpor snail (Lair:5)
  A black mamba (shapeshifter) (Vaults:1)
  A centaur skeleton (D:11)
  5 kobold demonologists
  21 spiny frogs
  2 yaktaur zombies
  4 fire drakes
  27 yaktaurs
  7 demonic crawlers
  Grinder (D:5)
  5 komodo dragons
  3 freezing wraiths
  14 polar bears
  4 giant leeches
  A deep elf priest (Vaults:3)
  13 trolls
  4 spriggan druids
  18 jumping spiders
  16 slime creatures
  Prince Ribbit (D:8)
  8 boulder beetles
  19 two-headed ogres
  2 ravens (Swamp:3)
  28 blink frogs
  7 baby alligators
  3 basilisks
  A blue devil (Lair:3)
  9 bog bodies
  76 yaks
  A frost giant simulacrum (Vaults:1)
  A wandering mushroom (D:10)
  29 trapdoor spiders
  50 redbacks
  A trapdoor spider (shapeshifter) (D:13)
  A wraith (D:7)
  4 shadows
  A golden eye (shapeshifter) (D:13)
  A stone giant simulacrum (Vaults:2)
  A hog (shapeshifter) (Vaults:2)
  21 spriggans
  Eustachio (D:4)
  20 tarantellas
  8 deep elf magi
  3 hungry ghosts
  A hill giant zombie (D:12)
  Grum (Orc:4)
  6 hippogriffs
  A soldier ant (D:13)
  40 swamp worms
  16 vampire mosquitoes
  6 deep elf fighters
  25 water moccasins
  2 wargs
  48 wolves
  2 yaktaur simulacra
  A deep troll skeleton (Vaults:3)
  8 porcupines
  6 black bears
  10 yellow wasps
  43 ogres
  22 orc warriors
  19 spiders
  2 elf zombies (Vaults:2)
  An ettin simulacrum (Vaults:3)
  2 human zombies
  6 sky beasts
  16 swamp drakes
  4 phantoms
  8 boggarts
  4 boring beetles
  17 centaurs
  17 ice beasts
  5 big kobolds
  9 crocodiles
  5 human skeletons
  Duvessa (D:4)
  24 giant frogs
  A gnoll sergeant (D:8)
  Blork the orc (D:4)
  A wyvern zombie (D:8)
  10 insubstantial wisps
  A cyclops skeleton (D:12)
  8 scorpions
  A boulder beetle zombie (D:11)
  A hippogriff zombie (D:6)
  5 jellies
  2 electric eels
  15 killer bees
  A human simulacrum (Vaults:2)
  A vampire bat (D:4)
  3 wights (D:11)
  11 hounds
  Dowan (D:4)
  A giant frog skeleton (D:5)
  A goliath beetle (D:6)
  14 crimson imps
  28 orc wizards
  15 orc priests
  An elf skeleton (Vaults:1)
  8 iguanas
  15 worker ants
  12 sheep (Lair:8)
  A killer bee zombie (D:6)
  Ijyb (D:4)
  2 mummies
  9 gnolls
  49 green rats
  4 shadow imps
  2 giant mites
  An orc skeleton (D:4)
  20 adders
  10 worms
  An orc zombie (D:5)
  3 fire bats (D:4)
  4 giant geckos
  3 oozes
  191 orcs
  2 spectral bats (D:4)
  4 bat skeletons
  A bat zombie (D:4)
  5 giant cockroaches
  17 hobgoblins
  11 jackals
  34 kobolds
  17 quokkas
  A ball python (D:2)
  32 bats
  A bat simulacrum (D:4)
  5 giant newts
  2 giant spores
  27 goblins
  A goblin skeleton (D:5)
  21 rats
  2 rat skeletons
  5 ballistomycetes
  A bush (Lair:8)
  2 butterflies (D:4)
  3 fungi
  3 plants (Lair:8)
1804 creatures vanquished.

Vanquished Creatures (collateral kills)
  A redback (Spider:5)
1 creature vanquished.

Vanquished Creatures (others)
  An ogre mage (Vaults:1)
  3 redbacks (Spider:5)
  3 spiders (Spider:5)
  An insubstantial wisp (Swamp:1)
  3 lost souls (Vaults:1)
  A giant spore (D:13)
  5 fungi
  7 plants
24 creatures vanquished.

Grand Total: 1829 creatures vanquished

Notes
Turn   | Place    | Note
--------------------------------------------------------------
     0 | D:1      | HungrySpirit, the Minotaur Gladiator, began the quest for the Orb.
     0 | D:1      | Reached XP level 1. HP: 18/18 MP: 1/1
   118 | D:1      | Reached skill level 4 in Maces & Flails
   277 | D:1      | Reached XP level 2. HP: 23/25 MP: 1/1
   930 | D:2      | Reached skill level 5 in Maces & Flails
   964 | D:2      | Reached XP level 3. HP: 28/30 MP: 2/2
  1389 | D:2      | Reached XP level 4. HP: 22/37 MP: 2/2
  1687 | D:3      | Reached skill level 6 in Maces & Flails
  1883 | D:3      | Found a blossoming altar of Fedhas.
  2351 | D:4      | Noticed an ogre
  2357 | D:4      | Killed an ogre
  2357 | D:4      | Reached skill level 7 in Maces & Flails
  2357 | D:4      | Reached XP level 5. HP: 40/42 MP: 2/2
  2415 | D:4      | Noticed Dowan
  2441 | D:4      | Killed Dowan
  2621 | D:4      | Reached skill level 8 in Maces & Flails
  2696 | D:4      | Found a staircase to the Ecumenical Temple.
  2714 | Temple   | Entered the Ecumenical Temple
  2731 | Temple   | Became a worshipper of Warmaster Okawaru
  2911 | D:4      | Reached XP level 6. HP: 47/50 MP: 3/3
  2954 | D:4      | Noticed a sky beast
  2963 | D:4      | Killed a sky beast
  2963 | D:4      | Reached skill level 9 in Maces & Flails
  3177 | D:4      | Noticed Duvessa
  3298 | D:4      | Killed Duvessa
  3298 | D:4      | Acquired Okawaru's first power
  3298 | D:4      | Reached XP level 7. HP: 56/56 MP: 3/3
  3435 | D:4      | Noticed Blork the orc
  3445 | D:4      | Killed Blork the orc
  3445 | D:4      | Reached skill level 10 in Maces & Flails
  3898 | D:4      | Noticed Eustachio
  4235 | D:4      | Killed Eustachio
  4235 | D:4      | Reached skill level 11 in Maces & Flails
  4356 | D:4      | Reached XP level 8. HP: 47/62 MP: 3/3
  4953 | D:4      | Noticed Ijyb
  4963 | D:4      | Killed Ijyb
  5082 | D:5      | Entered Level 5 of the Dungeon
  5085 | D:5      | Reached skill level 12 in Maces & Flails
  5529 | D:5      | Noticed Grinder
  5536 | D:5      | Killed Grinder
  5536 | D:5      | Reached skill level 13 in Maces & Flails
  6017 | D:5      | Reached skill level 1 in Armour
  6172 | D:5      | Reached XP level 9. HP: 68/68 MP: 4/4
  6251 | D:6      | Found a basalt altar of Yredelemnul.
  6877 | D:6      | Reached skill level 14 in Maces & Flails
  7015 | D:7      | Noticed a manticore
  7040 | D:6      | Received a gift from Okawaru
  7435 | D:7      | Got a sparkling jade ring
  7440 | D:7      | Identified the ring "Traoba" {rF+ MR++ Dex+2 Int+4} (You took it off a crimson imp on level 7 of the Dungeon)
  7518 | D:7      | Killed a manticore
  7518 | D:7      | Reached skill level 5 in Fighting
  7765 | D:7      | Reached skill level 5 in Armour
  8031 | D:7      | Reached skill level 15 in Maces & Flails
  8031 | D:7      | Reached XP level 10. HP: 63/81 MP: 4/4
  8975 | D:8      | Found Wyiplor's Antique Weapon Emporium.
  8987 | D:8      | Found a shimmering altar of Xom.
  9180 | D:8      | Noticed Prince Ribbit
  9197 | D:8      | Killed Prince Ribbit
  9266 | D:8      | Found a radiant altar of Vehumet.
  9688 | D:9      | Acquired Okawaru's second power
 10224 | D:9      | Found a staircase to the Lair.
 10256 | Lair:1   | Entered Level 1 of the Lair of Beasts
 10317 | Lair:1   | Reached skill level 16 in Maces & Flails
 10667 | Lair:1   | Reached XP level 11. HP: 38/92 MP: 4/4
 11163 | Lair:1   | Reached skill level 1 in Invocations
 11574 | Lair:1   | Reached skill level 17 in Maces & Flails
 11911 | Lair:2   | Received a gift from Okawaru
 12675 | Lair:3   | Found a hole to the Spider Nest.
 12675 | Lair:3   | Noticed an orb spider
 14136 | Lair:3   | Reached skill level 18 in Maces & Flails
 14158 | Lair:3   | Reached XP level 12. HP: 89/106 MP: 13/13
 14588 | Lair:3   | Noticed an ice statue
 14833 | Lair:3   | Reached skill level 10 in Fighting
 14833 | Lair:3   | Reached skill level 5 in Invocations
 15006 | Lair:4   | Noticed Rupert
 15130 | Lair:3   | Received a gift from Okawaru
 15320 | Lair:4   | Killed Rupert
 15783 | Lair:4   | Noticed Erica
 15798 | Lair:4   | Killed Erica
 15798 | Lair:4   | Reached skill level 19 in Maces & Flails
 16204 | Lair:4   | Noticed Fannar
 16225 | Lair:4   | Killed Fannar
 16391 | Lair:4   | Got a pair of jewelled gloves
 16402 | Lair:4   | Identified the +2 pair of gloves of Beyond {+Fly} (You found it on level 4 of the Lair of Beasts)
 16831 | Lair:5   | Reached XP level 13. HP: 84/116 MP: 19/19
 16917 | Lair:5   | Noticed a six-headed hydra
 16923 | Lair:5   | Killed a six-headed hydra
 17309 | Lair:6   | Received a gift from Okawaru
 17889 | Lair:6   | Found a staircase to the Shoals.
 17897 | Lair:6   | the staircase to the Shoals was a mimic.
 18408 | Lair:6   | Found a staircase to the Swamp.
 18816 | Lair:7   | Reached skill level 10 in Armour
 18844 | Lair:7   | Received a gift from Okawaru
 19580 | Lair:7   | Received a gift from Okawaru
 19818 | Lair:8   | Entered Level 8 of the Lair of Beasts
 19827 | Lair:8   | Received a gift from Okawaru
 20173 | Lair:8   | Reached skill level 20 in Maces & Flails
 20367 | Lair:8   | Found a viscous altar of Jiyva.
 20458 | Lair:8   | Found a staircase to the Slime Pits.
 20515 | Lair:8   | Reached XP level 14. HP: 108/127 MP: 21/21
 20964 | Lair:8   | Received a gift from Okawaru
 20973 | Lair:8   | Got a shimmering great mace {god gift}
 20974 | Lair:8   | Identified the +4 great mace "Hipionuff" {freeze, rPois MR++ Int-1} (Okawaru gifted it to you on level 8 of the Lair of Beasts)
 21796 | Lair:8   | Received a gift from Okawaru
 22710 | Lair:8   | Reached skill level 21 in Maces & Flails
 22900 | Lair:3   | Killed an orb spider
 23093 | D:10     | Entered Level 10 of the Dungeon
 23648 | D:10     | Found Klatucku's Antique Armour Boutique.
 24826 | D:12     | Found a staircase to the Orcish Mines.
 24863 | D:12     | Received a gift from Okawaru
 25378 | D:12     | Gained mutation: You are resistant to hostile enchantments. [potion of mutation]
 25378 | D:12     | Gained mutation: You heal slowly when monsters are visible. [potion of mutation]
 25378 | D:12     | Gained mutation: Your vision is a little blurry. [potion of mutation]
 25379 | D:12     | Gained mutation: Your body is slowly deteriorating. [potion of mutation]
 25379 | D:12     | Gained mutation: You are highly resistant to hostile enchantments. [potion of mutation]
 25380 | D:12     | Lost mutation: You are highly resistant to hostile enchantments. [potion of cure mutation]
 25380 | D:12     | Lost mutation: Your vision is a little blurry. [potion of cure mutation]
 25380 | D:12     | Lost mutation: Your body is slowly deteriorating. [potion of cure mutation]
 25380 | D:12     | Lost mutation: You are resistant to hostile enchantments. [potion of cure mutation]
 25380 | D:12     | Lost mutation: You heal slowly when monsters are visible. [potion of cure mutation]
 25392 | D:12     | Reached XP level 15. HP: 138/138 MP: 23/23
 25707 | D:12     | Found a portal to a secret trove of treasure.
 25907 | Orc:1    | Entered Level 1 of the Orcish Mines
 26837 | Orc:2    | Found a frozen archway.
 26888 | IceCv    | Entered an ice cave
 27116 | Orc:3    | Found a staircase to the Elven Halls.
 27337 | Orc:3    | Found a roughly hewn altar of Beogh.
 27637 | Orc:4    | Entered Level 4 of the Orcish Mines
 27675 | Orc:4    | Found Rusueff's Antique Armour Emporium.
 27723 | Orc:4    | Reached skill level 22 in Maces & Flails
 27763 | Orc:4    | Received a gift from Okawaru
 27812 | Orc:4    | Found Duat's Weapon Shop.
 27831 | Orc:4    | Found Shukok's Jewellery Shop.
 27836 | Orc:4    | Found Offonk's Magic Scroll Boutique.
 27857 | Orc:4    | Bought an uncursed ring of protection from cold for 325 gold pieces
 27865 | Orc:4    | Bought the +3 pair of gauntlets of War {Slay+5} for 1092 gold pieces
 27890 | Orc:4    | Noticed Grum
 27899 | Orc:4    | Killed Grum
 28761 | Swamp:1  | Entered Level 1 of the Swamp
 29158 | Swamp:1  | Reached skill level 15 in Fighting
 30175 | Swamp:2  | Noticed a thorn hunter
 30604 | Swamp:2  | Killed a thorn hunter
 30828 | Swamp:3  | Received a gift from Okawaru
 30829 | Swamp:3  | Got a shimmering ring mail {god gift}
 30975 | Swamp:3  | Reached skill level 23 in Maces & Flails
 30975 | Swamp:3  | Reached XP level 16. HP: 132/149 MP: 23/23
 30988 | Swamp:3  | Noticed Aizul
 31004 | Swamp:3  | Killed Aizul
 31580 | Swamp:3  | Noticed Nikola
 31589 | Swamp:3  | Killed Nikola
 32274 | Swamp:4  | Found a shadowy altar of Dithmenos.
 32667 | Swamp:5  | Entered Level 5 of the Swamp
 33255 | Swamp:5  | Reached skill level 15 in Armour
 33292 | Swamp:5  | Received a gift from Okawaru
 33293 | Swamp:5  | Got a distressingly furry leather armour {god gift}
 33604 | Swamp:5  | Reached skill level 24 in Maces & Flails
 33638 | Swamp:5  | Noticed the 27-headed Lernaean hydra
 33646 | Swamp:5  | Killed the 27-headed Lernaean hydra
 33687 | Swamp:5  | Got a decaying rune of Zot
 34012 | Spider:1 | Entered Level 1 of the Spider Nest
 34058 | Spider:1 | Noticed Roxanne
 34067 | Spider:1 | Killed Roxanne
 34257 | Spider:1 | Noticed JackTrades' ghost (powerful GrGl)
 34266 | Spider:1 | Killed JackTrades' ghost
 34266 | Spider:1 | Reached XP level 17. HP: 90/160 MP: 24/24
 35770 | Spider:2 | Received a gift from Okawaru
 35771 | Spider:2 | Got a heavily runed cloak {god gift}
 35782 | Spider:2 | Identified the +0 cloak "Oditaw" {rN+ MR+} (Okawaru gifted it to you on level 2 of the Spider Nest)
 37028 | Spider:5 | Entered Level 5 of the Spider Nest
 37467 | Spider:5 | Reached skill level 25 in Maces & Flails
 37629 | Spider:5 | Received a gift from Okawaru
 38444 | Spider:5 | Received a gift from Okawaru
 39045 | Spider:5 | Received a gift from Okawaru
 39173 | Spider:5 | Got a gossamer rune of Zot
 39348 | Spider:5 | Reached XP level 18. HP: 168/171 MP: 25/25
 40480 | D:13     | Found a gate to the Vaults.
 40832 | Vaults:1 | Entered Level 1 of the Vaults
 41428 | Vaults:1 | Reached skill level 26 in Maces & Flails
 42015 | Vaults:1 | Noticed Agnes
 42029 | Vaults:1 | Killed Agnes
 42472 | Vaults:1 | Received a gift from Okawaru
 43309 | Vaults:1 | Found Anaunisarph's General Store.
 43338 | Vaults:1 | Bought a scroll of acquirement for 676 gold pieces
 43338 | Vaults:1 | Bought a scroll of teleportation for 39 gold pieces
 43858 | Vaults:2 | Reached XP level 19. HP: 181/181 MP: 25/25
 43869 | Vaults:2 | Received a gift from Okawaru
 44064 | Vaults:2 | Received a gift from Okawaru
 44347 | Vaults:2 | Received a gift from Okawaru
 44359 | Vaults:2 | Got an iridescent great mace {god gift}
 44360 | Vaults:2 | Identified the +5 great mace of Ziuguh Sips {freeze, rN+} (Okawaru gifted it to you on level 2 of the Vaults)
 45171 | Vaults:2 | Reached skill level 27 in Maces & Flails
 47221 | Vaults:3 | Noticed Wiglaf
 47238 | Vaults:3 | Killed Wiglaf
 47397 | Vaults:3 | Found a staircase to the Crypt.
 47435 | Vaults:3 | Received a gift from Okawaru
 48345 | Vaults:4 | Found Vyelon's Armour Shoppe.
 49055 | Vaults:4 | HP: 7/185 [tengu reaver/bolt of acid (10)]
 49055 | Vaults:4 | Splashed by a tengu reaver's acid

Action                   |  1- 3 |  4- 6 |  7- 9 | 10-12 | 13-15 | 16-18 | 19-21 || total
-------------------------+-------+-------+-------+-------+-------+-------+-------++-------
Melee: Flail             |    80 |   120 |   489 |   477 |       |       |       ||  1166
       Whip              |       |       |       |   283 |   238 |       |       ||   521
       Great mace        |       |       |       |       |  1377 |  1337 |   460 ||  3174
Throw: Throwing net      |       |       |       |       |     2 |     6 |       ||     8
Invok: Heroism           |       |       |     1 |     6 |    13 |     5 |     4 ||    29
       Finesse           |       |       |       |       |     1 |     1 |     2 ||     4
 Abil: Stop Flying       |       |       |       |       |       |     1 |       ||     1
Evoke: Wand              |       |     2 |     3 |     4 |     1 |     3 |     1 ||    14
  Use: Scroll            |     1 |       |     5 |    24 |    12 |    10 |     8 ||    60
       Potion            |       |     6 |       |     1 |     4 |     5 |     3 ||    19
 Stab: Distracted        |       |       |       |     1 |       |       |     1 ||     2
       Fleeing           |       |       |       |     1 |       |       |       ||     1
       Confused          |       |       |       |       |       |     1 |       ||     1
       Invisible         |       |       |       |       |       |     3 |     2 ||     5
  Eat: Chunk             |     1 |     5 |    10 |    25 |    45 |    34 |    10 ||   130
       Pizza             |       |       |     1 |       |     1 |     1 |       ||     3
       Meat ration       |       |       |     1 |       |       |       |       ||     1
       Beef jerky        |       |       |       |     1 |     1 |     2 |       ||     4
       Fruit             |       |       |       |     4 |       |     2 |     3 ||     9
       Royal jelly       |       |       |       |       |       |     1 |     2 ||     3
